[Event "Titled Tuesday Blitz July 4 Late 2023"]
[White "Tan, Ralph"]
[Black "Antonio, Jorge Carlos"]
[WhiteFideId "30966590"]
[BlackFideId "113190"]
[WhiteElo "2497"]
[BlackElo "2287"]
[Result "0-1"]
[Round "5"]
[TimeControl "180+2"]
[Date "2023.07.04"]
[WhiteClock "0:00:50"]
[BlackClock "0:01:35"]
[Board "131"]

1. e4 c5 2. Nf3 e6 3. d4 cxd4 4. Nxd4 a6 5. c4 Nf6 6. Nc3 Bb4 7. Bd3 Nc6 8. Nc2 Bxc3+ 9. bxc3 O-O 10. O-O d5 11. cxd5 exd5 12. exd5 Nxd5 13. Bb2 Nf4 14. Be4 Qg5 15. g3 Re8 16. Bxc6 Ne2+ 17. Kh1 bxc6 18. Ne3 Qh5 19. f3 Nxg3+ 20. Kg2 Nxf1 21. Nxf1 Bh3+ 22. Kg1 Qg5+ 23. Ng3 Rad8 0-1


[Site "https://www.chess.com"]

[Event "Titled Tuesday Blitz July 4 Late 2023"]
[White "Poeta, Caio Medeiros"]
[Black "CarolinaLujan"]
[WhiteFideId "2142660"]
[WhiteElo "2494"]
[BlackElo "2285"]
[Result "1/2-1/2"]
[Round "5"]
[TimeControl "180+2"]
[Date "2023.07.04"]
[WhiteClock "0:00:23"]
[BlackClock "0:00:11"]
[Board "132"]

1. d4 Nf6 2. c4 g6 3. Nc3 d5 4. cxd5 Nxd5 5. e4 Nxc3 6. bxc3 Bg7 7. Be3 c5 8. Rc1 Qa5 9. Qd2 Nc6 10. Nf3 O-O 11. d5 Rd8 12. Bd3 e6 13. c4 Qa3 14. O-O Nb4 15. Bb1 b6 16. Rfd1 exd5 17. exd5 Bg4 18. Bg5 Bxf3 19. gxf3 Re8 20. Be3 Rad8 21. Kg2 Qb2 22. h3 Qe5 23. Bf4 Qh5 24. Re1 b5 25. a3 bxc4 26. axb4 c3 27. Rxe8+ Rxe8 28. Qd3 cxb4 29. d6 Qh4 30. d7 Rd8 31. Re1 Qxf4 32. Re8+ Bf8 33. Rxd8 Qg5+ 34. Kf1 Qxd8 35. Qc4 a5 36. Qb5 Be7 37. Bc2 Kg7 38. Ba4 Bf6 39. Qc4 Qe7 40. Qc6 Qe5 41. Kg2 Qg5+ 42. Kf1 Qc1+ 43. Kg2 Qg5+ 44. Kf1 Qc1+ 45. Kg2 Qg5+ 1/2-1/2


[Site "https://www.chess.com"]

[Event "Titled Tuesday Blitz July 4 Late 2023"]
[White "lagarto93"]
[Black "Zampronha, Wladimir Camilo"]
[BlackFideId "2103087"]
[WhiteElo "2493"]
[BlackElo "2283"]
[Result "1-0"]
[Round "5"]
[TimeControl "180+2"]
[Date "2023.07.04"]
[WhiteClock "0:00:06"]
[BlackClock "0:00:00"]
[Board "133"]

1. d4 Nf6 2. c4 e6 3. Nc3 Bb4 4. f3 d5 5. a3 Bxc3+ 6. bxc3 O-O 7. cxd5 Nxd5 8. e4 Nb6 9. Bd3 c5 10. Ne2 cxd4 11. cxd4 Nc6 12. Be3 e5 13. d5 Na5 14. O-O Nac4 15. Bc5 Re8 16. Qc2 Nd6 17. a4 Qf6 18. g4 Nd7 19. Be3 b6 20. Ng3 Qd8 21. Qc6 Nc5 22. Bxc5 bxc5 23. Qxa8 c4 24. Qxa7 cxd3 25. Rfd1 Re7 26. Qe3 Ba6 27. Rab1 Qa5 28. Rb8+ Re8 29. Rxe8+ Nxe8 30. Rc1 Qxa4 31. Nf1 h5 32. g5 Nd6 33. Nd2 Qa3 34. Rb1 Nc4 35. Nxc4 Bxc4 36. f4 exf4 37. Qxf4 Bb3 38. Rf1 Qc5+ 39. Kg2 Qe7 40. h4 g6 41. Rf3 Bc2 42. e5 Bb3 43. Rxd3 Ba2 44. d6 Qd7 45. Rf3 Be6 46. Kg3 Qa7 47. Qe3 Qd7 48. Rf4 Bf5 49. Rc4 Qb5 50. Rf4 Kg7 51. Rf2 Qc4 52. Qf4 Qc3+ 53. Rf3 Qc2 54. Rf2 Qd1 55. Kg2 Qe1 56. Rf1 1-0


[Site "https://www.chess.com"]

[Event "Titled Tuesday Blitz July 4 Late 2023"]
[White "Liu, Casper"]
[Black "Schut, Han"]
[WhiteFideId "1454153"]
[BlackFideId "1005561"]
[WhiteElo "2485"]
[BlackElo "2281"]
[Result "0-1"]
[Round "5"]
[TimeControl "180+2"]
[Date "2023.07.04"]
[WhiteClock "0:00:11"]
[BlackClock "0:00:16"]
[Board "134"]

1. e4 c5 2. d4 cxd4 3. Qxd4 Nc6 4. Qe3 d6 5. Nc3 g6 6. Bd2 Bg7 7. O-O-O Nf6 8. h3 Be6 9. Nf3 O-O 10. Ng5 Qc8 11. g4 a6 12. f4 b5 13. Kb1 Rb8 14. Nxe6 fxe6 15. Ne2 Nd7 16. Bc3 e5 17. f5 Qc7 18. h4 Nb6 19. h5 Nc4 20. Qg5 Bf6 21. Qh6 g5 22. Ng1 Kh8 23. Nf3 Rg8 24. Bxc4 bxc4 25. Bd2 c3 26. Bxc3 Nd8 27. Bd2 Nf7 28. Qg6 hxg6 29. hxg6+ Kg7 30. Rh7+ Kf8 31. Rxf7+ Ke8 32. Nxg5 Kd7 33. Nh7 Kc6 34. Nxf6 Qb6 35. Bc3 exf6 36. Rxf6 Qc5 37. a3 Qxc3 38. Rdxd6+ Kc7 39. b3 Rxb3+ 40. cxb3 Qxb3+ 41. Kc1 Qxa3+ 42. Kd2 Qxd6+ 43. Rxd6 Kxd6 44. Kc3 Ke7 45. g5 Rc8+ 46. Kb4 Ra8 47. Ka5 Kf8 48. Kb6 a5 49. Kc7 a4 50. f6 a3 51. Kd7 Ra7+ 52. Ke6 a2 53. g7+ Rxg7 54. fxg7+ Kxg7 55. Kxe5 a1=Q+ 56. Kd6 Qd4+ 57. Kc7 Qxe4 0-1


[Site "https://www.chess.com"]

[Event "Titled Tuesday Blitz July 4 Late 2023"]
[White "Barwinska, Ewa"]
[Black "Gomez Barrera, Javiera Belen"]
[WhiteFideId "21833761"]
[BlackFideId "3418723"]
[WhiteElo "2274"]
[BlackElo "2463"]
[Result "0-1"]
[Round "5"]
[TimeControl "180+2"]
[Date "2023.07.04"]
[WhiteClock "0:00:30"]
[BlackClock "0:02:20"]
[Board "136"]

1. e4 c5 2. Nf3 Nc6 3. d4 cxd4 4. Nxd4 e5 5. Nb5 d6 6. c4 Be7 7. N1c3 a6 8. Na3 Nf6 9. Bg5 Be6 10. Bxf6 Bxf6 11. Nd5 O-O 12. Nc2 g6 13. Nxf6+ Qxf6 14. Qxd6 Rad8 15. Qc5 Nd4 16. Ne3 Qf4 17. Bd3 Nf3+ 18. gxf3 Rxd3 19. Ke2 Rc8 20. Qb4 Bxc4 21. Nxc4 Qxf3+ 22. Ke1 Qxh1+ 23. Ke2 Qxe4+ 24. Kf1 Rxc4 0-1


[Site "https://www.chess.com"]

[Event "Titled Tuesday Blitz July 4 Late 2023"]
[White "Sokolov, Andrei"]
[Black "Nunez V, Gustavo Eduardo"]
[WhiteFideId "11600306"]
[BlackFideId "4403690"]
[WhiteElo "2272"]
[BlackElo "2443"]
[Result "0-1"]
[Round "5"]
[TimeControl "180+2"]
[Date "2023.07.04"]
[WhiteClock "0:00:00"]
[BlackClock "0:00:59"]
[Board "137"]

1. d4 Nf6 2. c4 g6 3. Nc3 Bg7 4. e4 d6 5. h3 O-O 6. Be3 e5 7. d5 Nbd7 8. g4 Nc5 9. Bd3 h5 10. gxh5 Nxd3+ 11. Qxd3 Nxh5 12. Nge2 f5 13. f3 fxe4 14. fxe4 Qh4+ 15. Kd2 Rf3 16. Rag1 Kh7 17. Qc2 Bd7 18. Rg2 Raf8 19. Bg5 Bh6 20. Bxh6 Kxh6 21. Rhg1 Nf4 22. Rg3 Rxg3 23. Rxg3 Nxe2 24. Nxe2 Rf2 25. Qd3 c6 26. Qe3+ Qf4 27. Kd3 Qxe3+ 28. Kxe3 Rh2 29. Kf3 cxd5 30. cxd5 Bxh3 31. b3 g5 32. a4 Kh5 33. Nc3 g4+ 34. Ke3 Kh4 35. Rg1 Rb2 0-1


[Site "https://www.chess.com"]

[Event "Titled Tuesday Blitz July 4 Late 2023"]
[White "Balla, Tamas-Kristof"]
[Black "rionelG"]
[WhiteFideId "1208497"]
[WhiteElo "2440"]
[BlackElo "2267"]
[Result "1-0"]
[Round "5"]
[TimeControl "180+2"]
[Date "2023.07.04"]
[WhiteClock "0:00:13"]
[BlackClock "0:00:16"]
[Board "138"]

1. e4 c5 2. Nf3 d6 3. d4 cxd4 4. Qxd4 Nc6 5. Qe3 Nf6 6. h3 e6 7. Be2 Be7 8. O-O O-O 9. Rd1 Bd7 10. c4 Qb8 11. Nc3 Rc8 12. b3 h6 13. Bb2 Ne5 14. Nxe5 dxe5 15. Rd2 Bc6 16. Rad1 a6 17. Nd5 exd5 18. exd5 Bd7 19. d6 Bd8 20. Bxe5 a5 21. Rd3 a4 22. Qf3 axb3 23. axb3 Ra2 24. Rd4 b5 25. Bd3 bxc4 26. bxc4 Qa7 27. Bb1 Ra5 28. Bg3 Bb6 29. R4d2 Rf5 30. Bxf5 Bxf5 31. Qxf5 1-0


[Site "https://www.chess.com"]

[Event "Titled Tuesday Blitz July 4 Late 2023"]
[White "Guimaraes, Wagner Peixoto"]
[Black "texie1"]
[WhiteFideId "2100940"]
[WhiteElo "2261"]
[BlackElo "2423"]
[Result "1/2-1/2"]
[Round "5"]
[TimeControl "180+2"]
[Date "2023.07.04"]
[WhiteClock "0:01:59"]
[BlackClock "0:02:00"]
[Board "139"]

1. e4 c5 2. Nf3 d6 3. Bb5+ Bd7 4. Bxd7+ Qxd7 5. O-O Nf6 6. Re1 Nc6 7. c3 e6 8. d4 cxd4 9. cxd4 d5 10. e5 Ne4 11. Nbd2 Nxd2 12. Bxd2 b5 13. Qe2 b4 14. Rac1 a5 15. Be3 Be7 16. h4 Qb7 17. g3 h6 18. Nh2 Kd7 19. Ng4 Rac8 20. Qf3 Rhf8 21. Nh2 Qb6 22. Qg4 Rg8 23. Qf3 Rgf8 24. Qg4 Rg8 25. Qf3 Rgf8 1/2-1/2


[Site "https://www.chess.com"]

[Event "Titled Tuesday Blitz July 4 Late 2023"]
[White "Herman, Daniel"]
[Black "Kohler, Aran"]
[WhiteFideId "30935008"]
[BlackFideId "1002856"]
[WhiteElo "2413"]
[BlackElo "2253"]
[Result "1-0"]
[Round "5"]
[TimeControl "180+2"]
[Date "2023.07.04"]
[WhiteClock "0:00:04"]
[BlackClock "0:00:08"]
[Board "140"]

1. d4 d5 2. c4 c6 3. cxd5 cxd5 4. Bg5 Nc6 5. Nc3 h6 6. Bh4 Qa5 7. e3 e6 8. Bd3 Nf6 9. Bxf6 gxf6 10. Nf3 f5 11. O-O a6 12. a3 Bd6 13. b4 Qc7 14. g3 Nxb4 15. axb4 Qxc3 16. b5 Qc7 17. Rc1 Qe7 18. Ne5 Kf8 19. Qa4 Bxe5 20. dxe5 Bd7 21. Qa5 Kg7 22. Rc7 axb5 23. Qb6 Qd8 24. Qxb7 Rb8 25. Qa7 Be8 26. Rfc1 b4 27. Rb7 Ra8 28. Qd4 b3 29. Rxb3 Rc8 30. Rcb1 Rf8 31. Rb7 Qa5 32. Ra7 Qd2 33. Bf1 Rc1 34. Qxd2 Rxb1 35. Kg2 d4 36. exd4 Bc6+ 37. f3 Bd5 38. Rd7 Rfb8 39. Rc7 R8b2 40. Rc2 Rb3 41. Be2 Ra1 42. Qf4 Rbb1 43. Qh4 Rg1+ 44. Kh3 Ra8 45. Qf6+ Kg8 46. Rc7 Rf8 47. Bb5 Bxf3 48. Be8 Bg4+ 49. Kh4 Rg2 50. Bxf7+ Kh7 51. Bg6+ Kg8 52. Qg7# 1-0


[Site "https://www.chess.com"]

[Event "Titled Tuesday Blitz July 4 Late 2023"]
[White "Mendez Machado, Andre"]
[Black "Urbina Perez, Juan Antonio"]
[WhiteFideId "6603793"]
[BlackFideId "2217368"]
[WhiteElo "2246"]
[BlackElo "2402"]
[Result "1-0"]
[Round "5"]
[TimeControl "180+2"]
[Date "2023.07.04"]
[WhiteClock "0:00:15"]
[BlackClock "0:00:00"]
[Board "141"]

1. e4 c5 2. Nc3 Nc6 3. Bb5 Nd4 4. Nf3 e6 5. O-O a6 6. Bd3 g6 7. Nxd4 cxd4 8. Ne2 Bg7 9. c3 dxc3 10. bxc3 Ne7 11. f4 O-O 12. f5 exf5 13. exf5 Nxf5 14. Bxf5 gxf5 15. Ng3 d5 16. d4 Qc7 17. Qf3 Kh8 18. Bf4 Qc6 19. Rae1 Be6 20. Nh5 Rae8 21. Qg3 Rg8 22. Be5 f6 23. Nxf6 Ref8 24. Nxg8 Rxg8 25. Bxg7+ Rxg7 26. Qe5 Bg8 27. Re3 f4 28. Rxf4 Qb5 29. Rg3 Qd7 30. h3 h5 31. Qxh5+ Rh7 32. Qe5+ Rg7 33. Rh4+ Bh7 34. Rhg4 1-0


[Site "https://www.chess.com"]

[Event "Titled Tuesday Blitz July 4 Late 2023"]
[White "Clawitter, Craig"]
[Black "Arnold, Ken"]
[WhiteFideId "2023105"]
[BlackFideId "2056836"]
[WhiteElo "2245"]
[BlackElo "2399"]
[Result "1-0"]
[Round "5"]
[TimeControl "180+2"]
[Date "2023.07.04"]
[WhiteClock "0:00:10"]
[BlackClock "0:00:15"]
[Board "142"]

1. e4 e5 2. Nc3 Nf6 3. g3 d5 4. exd5 Nxd5 5. Bg2 Nxc3 6. bxc3 Bd6 7. Nf3 O-O 8. O-O Nc6 9. Rb1 Qf6 10. d3 h6 11. Nd2 Nd8 12. f4 exf4 13. Ne4 Qe7 14. Nxd6 Qxd6 15. Bxf4 Qc5+ 16. Kh1 Qxc3 17. Rb3 Qa5 18. Qb1 c6 19. Bd6 Re8 20. Qc1 Be6 21. c4 Qh5 22. Qf4 Rc8 23. Rb2 b6 24. Rbf2 c5 25. Bc7 f6 26. Qd6 Qf7 27. Bxd8 Rexd8 28. Qf4 Rf8 29. Be4 f5 30. Qe5 Rce8 31. Bxf5 Bxf5 32. Qxf5 Qxf5 33. Rxf5 Rxf5 34. Rxf5 Re1+ 35. Kg2 Re2+ 36. Rf2 Rxf2+ 37. Kxf2 Kf7 38. Ke3 Ke6 39. d4 cxd4+ 40. Kxd4 Kd6 41. g4 g6 42. h3 g5 43. Kd3 Kc5 44. Kc3 a6 45. a3 b5 46. cxb5 Kxb5 47. Kb3 Kc5 48. Ka4 Kb6 49. Kb4 a5+ 50. Kc4 Kc6 51. a4 Kb6 52. Kd5 Kb7 53. Kc5 Ka6 54. Kc6 Ka7 55. Kb5 Kb7 56. Kxa5 1-0


[Site "https://www.chess.com"]

[Event "Titled Tuesday Blitz July 4 Late 2023"]
[White "Torres Dominguez, David"]
[Black "Prydun, Andriy"]
[WhiteFideId "2220857"]
[BlackFideId "14145898"]
[WhiteElo "2154"]
[BlackElo "2395"]
[Result "0-1"]
[Round "5"]
[TimeControl "180+2"]
[Date "2023.07.04"]
[WhiteClock "0:00:00"]
[BlackClock "0:01:25"]
[Board "143"]

1. e4 c6 2. Nf3 d5 3. d3 dxe4 4. dxe4 Qxd1+ 5. Kxd1 Bg4 6. Be2 Nd7 7. Nfd2 Bxe2+ 8. Kxe2 Nb6 9. a4 a6 10. a5 Nd7 11. Nb3 Ngf6 12. f3 e5 13. Be3 Bd6 14. N1d2 Bc7 15. Nc4 Ke7 16. Rhd1 Ne8 17. Nc5 Nxc5 18. Bxc5+ Ke6 19. Rd3 Rd8 20. Rb3 Rb8 21. Rd1 f6 22. Rbd3 Rg8 23. Rd7 f5 24. Re7+ Kf6 25. Rdd7 Rc8 26. Rf7+ Kg6 27. exf5+ Kh6 28. Be3+ Kh5 29. g4+ Kh4 30. Bf2+ Kg5 31. Bg3 h5 32. h4+ Kh6 33. g5+ Kh7 34. f6 Kg6 35. fxg7 Rxg7 36. Rxg7+ Nxg7 37. Bxe5 Bxe5 38. Nxe5+ Kh7 39. g6+ Kh6 40. Rxb7 c5 41. Nf7+ Kxg6 42. Nd6 Rd8 43. Rb6 Kh7 44. f4 Nf5 45. Kf3 Nxd6 46. Rxa6 Nc4 47. Ra7+ Kg6 0-1


[Site "https://www.chess.com"]

[Event "Titled Tuesday Blitz July 4 Late 2023"]
[White "Osmonbekov, Talaibek"]
[Black "Bochnicka, Vladimir"]
[WhiteFideId "2017253"]
[BlackFideId "14943450"]
[WhiteElo "2144"]
[BlackElo "2389"]
[Result "1-0"]
[Round "5"]
[TimeControl "180+2"]
[Date "2023.07.04"]
[WhiteClock "0:00:07"]
[BlackClock "0:00:22"]
[Board "144"]

1. d4 Nf6 2. Nc3 d5 3. Bf4 g6 4. e3 Bg7 5. h4 h5 6. Nf3 O-O 7. Ne5 c5 8. f3 Nc6 9. Qd2 cxd4 10. exd4 Qb6 11. O-O-O Bf5 12. Na4 Qb4 13. Nxc6 Qxd2+ 14. Bxd2 bxc6 15. Bb4 Rfe8 16. Re1 Nd7 17. Ba6 Bxd4 18. Bxe7 Nb6 19. Nc3 c5 20. Re2 Bg7 21. Bxc5 d4 22. Ne4 Na4 23. Ba3 Rab8 24. Rhe1 Nxb2 25. Nf6+ Bxf6 26. Rxe8+ Rxe8 27. Rxe8+ Kg7 28. Bxb2 Bxh4 29. Bxd4+ Kh6 30. Be3+ g5 31. Ra8 Kg6 32. Rxa7 g4 33. Bd3 Bxd3 34. cxd3 gxf3 35. gxf3 Bf6 36. Ra6 h4 37. Bf2 h3 38. Bg3 Kf5 39. Kd2 Bh4 40. Bc7 Bg5+ 41. Ke2 Bf4 42. Bxf4 Kxf4 43. Rh6 h2 44. Rxh2 Ke5 45. Rh4 Ke6 46. a4 f6 47. Ke3 Kd7 48. Ke4 Kc6 49. Kf5 Kb6 50. Kxf6 Ka5 51. Ke6 Kb6 52. Rh5 Kc6 53. a5 Kb7 54. Rc5 Ka7 55. d4 Kb8 56. d5 Kb7 57. d6 Kb8 58. d7 Kb7 59. d8=Q Ka7 60. Qc7+ Ka8 61. Qc8+ Ka7 62. Rc7# 1-0


[Site "https://www.chess.com"]

[Event "Titled Tuesday Blitz July 4 Late 2023"]
[White "Gabdushev, Ruslan"]
[Black "campochess"]
[WhiteFideId "4137833"]
[WhiteElo "2384"]
[BlackElo "2133"]
[Result "1-0"]
[Round "5"]
[TimeControl "180+2"]
[Date "2023.07.04"]
[WhiteClock "0:00:02"]
[BlackClock "0:00:49"]
[Board "145"]

1. b3 e5 2. Bb2 Nc6 3. e3 Nf6 4. Bb5 Bd6 5. Na3 O-O 6. Nc4 Qe7 7. Bxc6 dxc6 8. a4 Bf5 9. Ne2 h6 10. Ng3 Bh7 11. O-O Rad8 12. d3 Qe6 13. Qf3 e4 14. dxe4 Bxg3 15. hxg3 Nxe4 16. Rad1 b5 17. axb5 cxb5 18. Ne5 Nd2 19. Qe2 Nxf1 20. Rxf1 Rd5 21. Nf3 Rfd8 22. Ra1 Qc6 23. Nd4 Qb7 24. b4 c5 25. bxc5 Rxc5 26. Qg4 Be4 27. f3 Bg6 28. c3 Qe7 29. e4 Qc7 30. Ra6 Rxc3 31. Bxc3 Qxc3 32. Nc6 Rd1+ 33. Kh2 Qc1 34. Qc8+ Kh7 35. g4 Rh1+ 36. Kg3 Qe1+ 37. Kf4 Qd2+ 38. Ke5 Rd1 39. Ne7 Qd6+ 40. Rxd6 f6+ 41. Ke6 1-0


[Site "https://www.chess.com"]

[Event "Titled Tuesday Blitz July 4 Late 2023"]
[White "ChawitAp"]
[Black "Sailer, Mike"]
[BlackFideId "2012901"]
[WhiteElo "2380"]
[BlackElo "2131"]
[Result "0-1"]
[Round "5"]
[TimeControl "180+2"]
[Date "2023.07.04"]
[WhiteClock "0:00:10"]
[BlackClock "0:00:08"]
[Board "146"]

1. d4 d5 2. c3 Nf6 3. Nf3 Bf5 4. Bf4 e6 5. Qb3 Qc8 6. Nbd2 Bd6 7. e3 O-O 8. Be2 Bxf4 9. exf4 c5 10. O-O cxd4 11. Nxd4 Bg6 12. f5 Bxf5 13. Nxf5 exf5 14. Rad1 Nc6 15. Nf3 Rd8 16. Nd4 Nxd4 17. Rxd4 Qe6 18. Bd3 Rd7 19. Qc2 g6 20. Rd1 Rad8 21. Bb5 Rd6 22. Qd3 a6 23. Ba4 b5 24. Bb3 Qd7 25. Qd2 Kg7 26. Rh4 h5 27. Qd4 Kg8 28. Rh3 Ne8 29. Rg3 Ng7 30. Qf4 Kh7 31. Rgd3 Ne6 32. Qh4 Nc5 33. Rd4 Nxb3 34. axb3 Qe6 35. Qf4 Kg7 36. h3 Qe2 37. R4d2 Qe4 38. Qg3 f4 39. Qh4 d4 40. cxd4 Rxd4 41. Qxd8 Rxd8 42. Rxd8 f3 43. R8d4 Qe6 44. gxf3 Qxb3 45. R1d2 Qxf3 46. Rd7 Qxh3 47. Re7 Qg4+ 48. Kf1 Qc4+ 49. Ke1 Qc1+ 50. Ke2 Qc4+ 51. Kd1 Qg4+ 52. Kc1 Qc4+ 53. Kd1 Qb3+ 54. Ke1 Qa2 55. Rdd7 Qb1+ 56. Ke2 Qxb2+ 57. Kf3 Qb3+ 58. Kf4 a5 59. Ra7 a4 60. Re3 Qc4+ 61. Kg3 Qd4 62. Rae7 Qd6+ 63. Kg2 a3 64. Ra7 b4 65. Ree7 Qd5+ 66. Kh2 a2 67. Reb7 b3 68. Rd7 Qe5+ 69. Kg2 a1=Q 70. Rxf7+ Kh6 71. Rh7+ Kg5 72. Rxa1 Qxa1 73. Rd7 Qe5 74. Rd5 Qxd5+ 75. Kg3 Qe5+ 76. f4+ Qxf4+ 77. Kh3 Qg4+ 78. Kh2 Kf4 79. Kh1 Kf3 80. Kh2 Qg2# 0-1


[Site "https://www.chess.com"]

[Event "Titled Tuesday Blitz July 4 Late 2023"]
[White "Duarte, Leonardo"]
[Black "Tsukerman, Julia"]
[WhiteFideId "110582"]
[BlackFideId "2621649"]
[WhiteElo "2379"]
[BlackElo "2097"]
[Result "1-0"]
[Round "5"]
[TimeControl "180+2"]
[Date "2023.07.04"]
[WhiteClock "0:01:08"]
[BlackClock "0:01:15"]
[Board "147"]

1. e4 c5 2. Nf3 d6 3. d4 cxd4 4. Nxd4 Nf6 5. Nc3 a6 6. Bg5 e6 7. f4 Be7 8. Qf3 Qc7 9. O-O-O Nbd7 10. g4 b5 11. Bxf6 Nxf6 12. g5 Nd7 13. f5 Bxg5+ 14. Kb1 Nf6 15. Rg1 Bh6 16. Bxb5+ axb5 17. Ndxb5 Qa5 18. Nxd6+ Ke7 19. fxe6 fxe6 20. e5 Rf8 21. exf6+ Rxf6 22. Qe4 Bd7 23. Nc4 Qb4 24. Rxd7+ Kxd7 25. Ne5+ 1-0


[Site "https://www.chess.com"]

[Event "Titled Tuesday Blitz July 4 Late 2023"]
[White "Winkels, Marcel"]
[Black "Romero Arzuaga, Yudel"]
[WhiteFideId "1003887"]
[BlackFideId "3521010"]
[WhiteElo "2087"]
[BlackElo "2364"]
[Result "0-1"]
[Round "5"]
[TimeControl "180+2"]
[Date "2023.07.04"]
[WhiteClock "0:00:23"]
[BlackClock "0:01:46"]
[Board "148"]

1. e4 d5 2. exd5 Qxd5 3. Nc3 Qd8 4. d4 c6 5. Nf3 Bg4 6. Be2 e6 7. h3 Bh5 8. g4 Bg6 9. Ne5 Nd7 10. Bf4 Nxe5 11. Bxe5 Nf6 12. h4 h6 13. h5 Bh7 14. Qd2 Bb4 15. a3 Ne4 16. Qe3 Bxc3+ 17. bxc3 f6 18. Bf3 Qa5 19. Bxe4 Bxe4 20. Qxe4 Qxc3+ 21. Ke2 fxe5 22. dxe5 O-O-O 23. Rhd1 Rd5 24. f4 Rhd8 25. Qe3 Qxc2+ 0-1


[Site "https://www.chess.com"]

[Event "Titled Tuesday Blitz July 4 Late 2023"]
[White "Graham, Nathaniel"]
[Black "Kanyamarala, Trisha"]
[WhiteFideId "2007983"]
[BlackFideId "45004722"]
[WhiteElo "2066"]
[BlackElo "2360"]
[Result "0-1"]
[Round "5"]
[TimeControl "180+2"]
[Date "2023.07.04"]
[WhiteClock "0:00:00"]
[BlackClock "0:00:39"]
[Board "149"]

1. e4 c5 2. Nf3 d6 3. d4 cxd4 4. Qxd4 Nc6 5. Bb5 Bd7 6. Bxc6 bxc6 7. c4 e5 8. Qd3 Nf6 9. Nc3 Be7 10. O-O O-O 11. Bg5 Be6 12. Rfd1 Qb6 13. b3 Rfd8 14. Rac1 h6 15. Be3 Qb7 16. h3 d5 17. exd5 cxd5 18. cxd5 Nxd5 19. Nxd5 Bxd5 20. Qe2 Bxf3 21. Qxf3 Qxf3 22. gxf3 Ba3 23. Rxd8+ Rxd8 24. Rc7 a5 25. Ra7 Bb4 26. a3 Bc3 27. Rc7 Rd3 28. Kf1 Bb2 29. Rc5 Rxb3 30. Rxa5 Rxa3 31. Rxa3 Bxa3 32. Ke2 f5 33. Kd3 Kf7 34. Kc4 Ke6 35. Bb6 Be7 36. Ba7 g5 37. Bb6 h5 38. Ba7 h4 39. Kd3 g4 40. fxg4 fxg4 41. Ke2 gxh3 42. Kf1 Bd6 43. f3 Kf5 44. Be3 Be7 45. Kg1 Bg5 0-1


[Site "https://www.chess.com"]

[Event "Titled Tuesday Blitz July 4 Late 2023"]
[White "Burke, Paul"]
[Black "Zhou, Qiyu"]
[WhiteFideId "2605767"]
[BlackFideId "505161"]
[WhiteElo "1940"]
[BlackElo "2354"]
[Result "0-1"]
[Round "5"]
[TimeControl "180+2"]
[Date "2023.07.04"]
[WhiteClock "0:00:00"]
[BlackClock "0:01:00"]
[Board "150"]

1. e4 e5 2. Nf3 Nc6 3. Bc4 Bc5 4. b4 Bxb4 5. c3 Bd6 6. d4 Qe7 7. O-O h6 8. Bb2 Nf6 9. Bd3 O-O 10. h3 Nh7 11. Nbd2 Kh8 12. Nc4 f6 13. d5 Nd8 14. Ne3 g6 15. c4 Kg7 16. Qd2 Ng5 17. Nxg5 hxg5 18. Ng4 Rh8 19. f4 gxf4 20. Rxf4 exf4 21. Bxf6+ Qxf6 22. Nxf6 Kxf6 23. Rf1 Nf7 24. Qc3+ Ke7 25. c5 Be5 26. Qb3 d6 27. c6 bxc6 28. dxc6 Be6 29. Bc4 Bxc4 30. Qxc4 Rab8 0-1


[Site "https://www.chess.com"]

[Event "Titled Tuesday Blitz July 4 Late 2023"]
[White "Todorovic, Bojan"]
[Black "Vargas, Mauricio"]
[WhiteFideId "917087"]
[BlackFideId "4404572"]
[WhiteElo "2349"]
[BlackElo "1881"]
[Result "1-0"]
[Round "5"]
[TimeControl "180+2"]
[Date "2023.07.04"]
[WhiteClock "0:00:06"]
[BlackClock "0:00:00"]
[Board "151"]

1. Nf3 Nc6 2. c4 e5 3. Nc3 f5 4. d3 Nf6 5. g3 Bb4 6. Bd2 Bxc3 7. Bxc3 O-O 8. Bg2 d6 9. O-O Qe8 10. e3 Qh5 11. d4 f4 12. Nxe5 dxe5 13. dxe5 Bg4 14. f3 fxg3 15. hxg3 Rad8 16. fxg4 Nxg4 17. Bd5+ Kh8 18. Qe2 Qh3 19. Qg2 Qxg2+ 20. Bxg2 Nxe3 21. Rxf8+ Rxf8 22. Bxc6 bxc6 23. b3 c5 24. Re1 Nc2 25. Re2 Nd4 26. Re4 Nf3+ 27. Kg2 Ng5 28. Rf4 Re8 29. Rf5 h6 30. g4 Ne6 31. Bd2 Nd4 32. Rf7 Ne6 33. Be3 Kg8 34. Rf1 Nd4 35. Bf4 Ne2 36. Bh2 Nd4 37. Re1 g5 38. Re4 Ne6 39. Bg1 1-0


[Site "https://www.chess.com"]

[Event "Titled Tuesday Blitz July 4 Late 2023"]
[White "Slovineanu, Viacheslav"]
[Black "Gyulamiryan-koryun"]
[WhiteFideId "13900510"]
[WhiteElo "2349"]
[BlackElo "1722"]
[Result "1-0"]
[Round "5"]
[TimeControl "180+2"]
[Date "2023.07.04"]
[WhiteClock "0:00:53"]
[BlackClock "0:00:17"]
[Board "152"]

1. d4 Nf6 2. Nf3 g6 3. Nbd2 Bg7 4. e4 d6 5. Bd3 O-O 6. O-O Nbd7 7. Re1 e5 8. dxe5 Nxe5 9. Nxe5 dxe5 10. a4 a6 11. a5 Qd4 12. Nb3 Qd6 13. Be3 Rd8 14. Qe2 Ng4 15. Bc5 Qc6 16. f3 Nf6 17. Bc4 Be6 18. Bxe6 Qxe6 19. Red1 Nh5 20. g3 Qh3 21. Be3 Nf6 22. Rxd8+ Rxd8 23. Rd1 Rd7 24. Nc5 Rxd1+ 25. Qxd1 Nh5 26. Qd8+ Bf8 27. Nd7 Qxd7 28. Qxd7 Bd6 29. c4 Nf6 30. Qd8+ Kg7 31. Bh6+ Kxh6 32. Qxf6 Bb4 33. Qxe5 c6 34. Kg2 c5 35. g4 g5 36. Qf6# 1-0


[Site "https://www.chess.com"]

[Event "Titled Tuesday Blitz July 4 Late 2023"]
[White "Saucey, Michel"]
[Black "Makridis, Dimitrios"]
[WhiteFideId "601845"]
[BlackFideId "25864475"]
[WhiteElo "2265"]
[BlackElo "2774"]
[Result "1-0"]
[Round "5"]
[TimeControl "180+2"]
[Date "2023.07.04"]
[WhiteClock "0:01:12"]
[BlackClock "0:00:15"]
[Board "153"]

1. d4 Nf6 2. Nf3 e6 3. c4 c5 4. d5 d6 5. Nc3 exd5 6. cxd5 g6 7. Nd2 Bg7 8. e4 O-O 9. Be2 a6 10. a4 Re8 11. O-O Nbd7 12. Re1 h5 13. h3 b6 14. Bf1 Bb7 15. Nc4 Ne5 16. Na3 h4 17. Bg5 Qc7 18. Bxh4 Nh5 19. Nc4 Nxc4 20. Bxc4 Be5 21. Qf3 Qd7 22. g4 Nf4 23. Bg5 Nxh3+ 24. Qxh3 Kg7 25. Qh6+ Kg8 26. f3 Bg7 27. Qh4 f5 28. Kg2 fxe4 29. Nxe4 1-0


[Site "https://www.chess.com"]

[Event "Titled Tuesday Blitz July 4 Late 2023"]
[White "micke12a"]
[Black "Broca Jimenez, Fernando"]
[BlackFideId "5104742"]
[WhiteElo "2363"]
[BlackElo "2256"]
[Result "1-0"]
[Round "5"]
[TimeControl "180+2"]
[Date "2023.07.04"]
[WhiteClock "0:01:22"]
[BlackClock "0:00:02"]
[Board "154"]

1. e4 c5 2. Nc3 g6 3. d4 Bg7 4. dxc5 Nc6 5. Bd2 Nf6 6. a3 O-O 7. Nf3 d5 8. cxd6 Qxd6 9. Bd3 Bg4 10. h3 Bxf3 11. Qxf3 Rad8 12. Bf4 Qd7 13. O-O Nh5 14. Bh2 Nd4 15. Qe3 Nf6 16. Rad1 Qc8 17. e5 Ne8 18. Be4 Ne6 19. Rxd8 Qxd8 20. Bxb7 Qb8 21. Bd5 Qxb2 22. Bxe6 fxe6 23. Qd3 Nc7 24. Qc4 Qxc2 25. Qxc7 h5 26. Nd5 Qa2 27. Nxe7+ Kh7 28. Qc6 Bh6 29. Qe4 Rf5 30. Nxf5 gxf5 31. Qb7+ 1-0


[Site "https://www.chess.com"]

[Event "Titled Tuesday Blitz July 4 Late 2023"]
[White "Modric, Nesa"]
[Black "Coelho, Ramyres Santana"]
[WhiteFideId "922579"]
[BlackFideId "2120690"]
[WhiteElo "2246"]
[BlackElo "2296"]
[Result "0-1"]
[Round "5"]
[TimeControl "180+2"]
[Date "2023.07.04"]
[WhiteClock "0:00:00"]
[BlackClock "0:01:41"]
[Board "155"]

1. e4 c5 2. c3 d5 3. exd5 Qxd5 4. Nf3 e5 5. Na3 Nf6 6. Bc4 Qe4+ 7. Be2 Nc6 8. O-O Bd6 9. Re1 O-O 10. Nc4 Bc7 11. d3 Qf5 12. Ne3 Qd7 13. Qc2 Rd8 14. a4 h6 15. Nc4 Qd5 16. Bf1 Bf5 17. Ne3 Qe6 18. Nxf5 Qxf5 19. Be3 b6 20. Rad1 Ng4 21. h3 Nxe3 22. Rxe3 Rd7 23. Rde1 Re8 24. Nh4 Qg5 25. Nf3 Qf4 26. Re4 Qf6 27. d4 cxd4 28. cxd4 Nb4 29. Qb3 Nd5 30. Bb5 Red8 31. Bxd7 Rxd7 32. dxe5 Qe6 33. Nd4 Qe7 34. e6 f5 35. exd7 Qf6 36. d8=Q+ Bxd8 37. Qxd5+ Kh7 38. Re6 Qg6 0-1


[Site "https://www.chess.com"]